 Dungeon Crawl Stone Soup version 0.25-a0-388-g41a7e554cb (webtiles) character file.

Game seed: 1408424448239640617, levelgen mode: deterministic

112 Borgoz the Cudgeler (level 4, -6/28 HPs)
             Began as a Gargoyle Gladiator on Jan 7, 2020.
             Mangled by an ogre
             ... wielding a +0 giant spiked club
              (11 damage)
             ... on level 3 of the Dungeon.
             The game lasted 00:02:24 (1600 turns).

Borgoz the Cudgeler (Gargoyle Gladiator)            Turns: 1600, Time: 00:02:24

Health: -6/28      AC: 19    Str: 19    XL:     4   Next: 93%
Magic:  4/4        EV: 11    Int:  8    God:
Gold:   159        SH:  0    Dex: 11    Spells: 3/3 levels left

rFire    . . .     SeeInvis .   s - +1 mace (protect)
rCold    . . .     Gourm    .   (no shield)
rNeg     + . .     Faith    .   j - +0 scale mail
rPois    ∞         Spirit   .   c - +0 helmet
rElec    +         Reflect  .   r - +0 cloak
rCorr    .         Harm     .   (no gloves)
MR       .....                  (no boots)
Stlth    ..........             (no amulet)
HPRegen  0.09/turn              (no ring)
MPRegen  0.09/turn              (no ring)

@: protection aura
A: negative energy resistance 1, electricity resistance, unbreathing,
petrification resistance, rot immunity, AC +3
a: no special abilities


You were on level 3 of the Dungeon.
You were not hungry.

You visited 1 branch of the dungeon, and saw 3 of its levels.

You collected 159 gold pieces.

Inventory:

Hand Weapons
 s - a +1 mace of protection (weapon)
Missiles
 d - a throwing net (quivered)
Armour
 c - a +0 helmet (worn)
 j - a +0 scale mail (worn)
 r - a +0 cloak (worn)
Scrolls
 e - 4 scrolls of remove curse
 h - 2 scrolls of blinking {unknown}
 l - 2 scrolls of teleportation {unknown}
 n - a scroll of identify {unknown}
 p - a scroll of enchant weapon {unknown}
 q - a scroll of noise {unknown}
Potions
 b - a potion of invisibility {unknown}
 g - 2 potions of resistance {unknown}
 i - a potion of heal wounds {unknown}
 k - a potion of cancellation {unknown}
 m - 2 potions of might
 o - a potion of curing {unknown}
 t - a potion of brilliance {unknown}
Comestibles
 f - 5 rations


   Skills:
 + Level 3.1 Fighting
 * Level 4.1 Maces & Flails
 - Level 1.7 Throwing
 + Level 1.8 Armour
 + Level 3.0 Dodging


You had 3 spell levels left.
You didn't know any spells.
Your spell library was empty.

Dungeon Overview and Level Annotations

Branches:
Dungeon (3/15)

Altars:


Innate Abilities, Weirdness & Mutations

You are resistant to torment.
Your stone body is resilient. (AC +3)
You are immune to poison.
You resist negative energy. (rN+)
You are resistant to electric shocks. (rElec)
You can survive without breathing.
You are immune to petrification.
You are immune to rotting.


Message History

The ogre struggles against the net.
Your scale mail prevents you from hitting the ogre.
The ogre is moderately wounded.
The ogre struggles against the net.
You hit the ogre.
The ogre is heavily wounded.
The ogre struggles against the net.
The net rips apart, and the ogre comes free!
You hit the ogre.
The ogre is severely wounded.
The ogre hits you with a +0 giant spiked club!!
Ouch! That really hurt!
* * * LOW HITPOINT WARNING * * *
You are too injured to fight recklessly!
You are too injured to fight recklessly!
You are too injured to fight recklessly!
You hit the ogre.
The ogre is severely wounded.
The ogre hits you with a +0 giant spiked club!
You die...

.###..... #... ....
.. ..[. #.. ##..
##.## ##... #.<.##
#)..######.#..##
######.#........##..#
# #......#..# ####
##.### #(...O@...##
#.... #......##..#
#.#..
##########.#####
#<### #.....## #.#
#####..# #.#
###.###.# #.......#
#.......# #......##


You could see an ogre.

Vanquished Creatures
  Crazy Yiuf (D:2)
  2 adders (D:2)
  2 oozes
  A worm (D:2)
  2 dart slugs (D:2)
  2 leopard geckos
  3 bats (D:2)
  3 giant cockroaches (D:2)
  12 goblins
  3 hobgoblins
  2 quokkas
  3 frilled lizards
  5 kobolds
  8 rats
49 creatures vanquished.

Vanquished Creatures (others)
  A giant cockroach (D:1)
1 creature vanquished.

Grand Total: 50 creatures vanquished

Notes
Turn   | Place    | Note
-------+----------+-------------------------------------------
     0 | D:1      | Borgoz the Gargoyle Gladiator began the quest for the Orb.
     0 | D:1      | Reached XP level 1. HP: 12/12 MP: 1/1
   187 | D:1      | Reached XP level 2. HP: 18/18 MP: 2/2
   493 | D:2      | Reached skill level 1 in Armour
   499 | D:2      | Reached XP level 3. HP: 18/22 MP: 3/3
   744 | D:2      | Reached XP level 4. HP: 26/27 MP: 4/4
   929 | D:2      | Found a runed translucent door.
   930 | D:2      | Noticed Crazy Yiuf
   942 | D:2      | Killed Crazy Yiuf
   942 | D:2      | Reached skill level 4 in Maces & Flails
  1590 | D:3      | Noticed an ogre
  1600 | D:3      | Mangled by an ogre

Levels and vault maps discovered:
D:1:      eino_arrival_water_star, layout_rooms, lemuel_old_faithful
D:2:      layout_basic, minmay_close_crescents, uniq_crazy_yiuf_cottage
D:3:      layout_rooms, first_ration, lightli_corner_chamber

Skill      XL: |  1  2  3  4 |
---------------+-------------+-----
Armour         | 1 |  1.8
Fighting       | 3 |  3.1
Maces & Flails | 4 |  4.1
Dodging        | 3 |  3.0
Throwing       | |  1.7

Action                   |  1- 3 |  4- 6 || total
-------------------------+-------+-------++-------
Melee: Flail             |   102 |    52 ||   154
       Mace              |       |    29 ||    29
Throw: Throwing net      |       |     5 ||     5
  Use: Scroll            |       |     1 ||     1
 Stab: Held in net/web   |       |     1 ||     1
  Eat: Chunk             |       |     3 ||     3
Armor: Leather armour    |     3 |       ||     3
       Scale mail        |    86 |    51 ||   137
Dodge: Dodged            |    68 |    60 ||   128

Table legend:
 A = Non-vault XP
 B = Vault XP
 C = Vault XP percentage of total XP
 D = Non-vault monster count
 E = Vault monster count
 F = Vault count percentage of total count
                 A         B        C        D         E       F
            +---------+---------+-------+---------+---------+-------
      Total |     115 |      45 |  28.1 |      45 |       4 |   8.2
            +---------+---------+-------+---------+---------+-------
        D:1 |      27 |       0 |   0.0 |      17 |       0 |   0.0
        D:2 |      75 |      45 |  37.5 |      24 |       4 |  14.3
        D:3 |      13 |       0 |   0.0 |       4 |       0 |   0.0
            +---------+---------+-------+---------+---------+-------
